 Dungeon Crawl Stone Soup version 0.30.0-29-ga12c61a403 (webtiles) character file.

Game seed: 13417852185553371908

195 Ijustatesigmund the Stinger (level 5, -6/49 HPs)
             Began as an Octopode Venom Mage on June 14, 2023.
             Mangled by klichko's ghost (8 damage)
             ... on level 3 of the Dungeon.
             The game lasted 00:05:47 (2771 turns).

Ijustatesigmund the Stinger (Octopode Venom Mage)   Turns: 2771, Time: 00:05:47

Health: -6/49      AC:  1    Str:  3    XL:     5   Next: 74%
Magic:  9/9        EV: 13    Int: 22    God:
Gold:   222        SH:  0    Dex: 13    Spells: 0/10 levels left

rFire   . . .        h - +8 falchion "Duogefoph" {flame, rElec Will++ Str-4 Int+3}
rCold   . . .        (no shield)
rNeg    . . .        (helmet restricted)
rPois   .            (no amulet)
rElec   +            (no ring)
rCorr   .            (no ring)
SInv    .            (no ring)
Will    ++...        (no ring) Stlth
                     (no ring)
HPRegen 0.28/turn    (no ring)
MPRegen 0.11/turn    (no ring)
                     (no ring)

%: no passive effects
@: mighty, berserking, lethally poisoned (-6 -> -14), flying, very quick
A: almost no armour, amphibious, 8 rings, camouflage 1, gelatinous body 1,
(nimble swimmer 1), tentacles
a: no special abilities


You were on level 3 of the Dungeon.
You visited 1 branch of the dungeon, and saw 3 of its levels.

You collected 222 gold pieces.

Inventory:

Hand Weapons
 d - a +2 dagger of holy wrath
 e - a +1 quarterstaff
 h - the +8 falchion "Duogefoph" (weapon) {flame, rElec Will++ Str-4 Int+3}
   (You found it on level 2 of the Dungeon)

   Str:       It affects your strength (-4).
   Int:       It affects your intelligence (+3).
   rElec:     It insulates you from electricity.
   Will:      It greatly increases your willpower.
Jewellery
 i - a ring of protection from cold
Scrolls
 l - a scroll of fog {unknown}
Potions
 a - 3 potions of magic
 b - a potion of berserk rage


   Skills:
 - Level 1.0 Fighting
 - Level 2.0 Dodging
 - Level 2.6 Stealth
 + Level 3.1 Spellcasting
 + Level 2.0 Conjurations
 - Level 1.0 Transmutations
 + Level 2.2 Air Magic
 + Level 5.0 Poison Magic


You couldn't memorise any spells.
You knew the following spells:

 Your Spells              Type           Power      Damage    Failure   Level
a - Sting                 Tmut/Pois      64%        1d6       3%          1
b - Poisonous Vapours     Pois/Air       38%        N/A       4%          2
c - Mephitic Cloud        Conj/Pois/Air  17%        N/A       11%         3
d - Olgreb's Toxic Radia  Pois           25%        N/A       16%         4

Your spell library contained the following spells:

 Spells                   Type           Power      Damage    Failure   Level
 Magic Dart               Conj           48%        1d5       5%          1
 Beastly Appendage        Tmut           14%        N/A       9%          1
 Spider Form              Tmut/Pois      16%        N/A       11%         3
 Wereblood                Tmut           7%         N/A       12%         2
 Call Imp                 Summ           6%         N/A       19%         2


Dungeon Overview and Level Annotations

Branches:
Dungeon (3/15)

Altars:
Wu Jian

Shops:
D:1 :

Annotations:
D:3 klichko's ghost, amateur GnWn


Innate Abilities, Weirdness & Mutations

You cannot wear most types of armour.
You are amphibious.
You can wear up to eight rings at the same time.
Your skin changes colour to match your surroundings (Stealth+).
Your rubbery body absorbs attacks. (AC +1, EV +1)
((You are camouflaged when in or above water. (Stealth+)))
You have tentacles for arms and can constrict up to eight enemies at once.


Message History

You constrict the adder, but do no damage.
The adder bites you.
You are poisoned.
The adder poisons you!
You slash the adder! You burn the adder.
You kill the adder!
You feel very sick. The adder bites you.
* * * LOW HITPOINT WARNING * * *
Your Poison Magic skill increases to level 5!
It was a potion of flight.
You feel very buoyant.
You fly up into the air.
You feel sick. The adder bites you.
* * * LOW HITPOINT WARNING * * *
It was a potion of might.
You feel very mighty all of a sudden.
You feel sick. The adder bites you.
* * * LOW HITPOINT WARNING * * *
The adder misses you.
You feel better. The adder completely misses you.
A red film seems to cover your vision as you go berserk!
You feel yourself moving faster!
You feel mighty! The adder closely misses you.
You slash the adder! You burn the adder.
You kill the adder!
Your Conjurations skill increases to level 2!
You barely miss klichko's ghost. You squeeze klichko's ghost!
Klichko's ghost is lightly damaged.
You hit klichko's ghost.
Klichko's ghost is moderately damaged.
Klichko's ghost barely misses you.
You hit klichko's ghost.
Klichko's ghost is heavily damaged.
Klichko's ghost hits you!
* * * LOW HITPOINT WARNING * * *
You are lethally poisoned!
You slash klichko's ghost! Your squeeze misses klichko's ghost.
Klichko's ghost is severely damaged.
* * * LOW HITPOINT WARNING * * *
You feel sick. Klichko's ghost hits you!
You die...

#.... #.... #....
#.... #....##
+>....# #.....# #.#
#°##########
#.###☼.W@☼°☼°§.#
#☼☼.°..#######§#
#########§○#'#.#
...........#~#..)..
#######...##~######
#!####~# ...# #~#
..... #=# ..... #~#


You could see klichko's ghost.

Vanquished Creatures
  Terence (D:2)
  Natasha (thrice) (D:2)
  3 adders
  3 dart slugs (D:2)
  An orc (D:3)
  2 endoplasms (D:2)
  A giant cockroach (D:3)
  12 goblins
  8 hobgoblins
  6 jackals (D:1)
  A quokka (D:2)
  3 ball pythons (D:1)
  7 bats
  2 frilled lizards
  5 kobolds (D:1)
  5 rats
63 creatures vanquished.

Notes
Turn   | Place    | Note
-------+----------+-------------------------------------------
     0 | D:1      | Ijustatesigmund the Octopode Venom Mage began the quest for
                  | the Orb.
     0 | D:1      | Reached XP level 1. HP: 11/11 MP: 3/3
   271 | D:1      | Reached XP level 2. HP: 13/18 MP: 3/5
   288 | D:1      | Reached skill level 1 in Fighting
   290 | D:1      | Reached skill level 4 in Poison Magic
   542 | D:1      | Learned a level 2 spell: Poisonous Vapours
   879 | D:1      | Reached XP level 3. HP: 23/23 MP: 6/6
   883 | D:1      | Learned a level 3 spell: Mephitic Cloud
  1043 | D:1      | Found Reiw's Book Shoppe.
  1279 | D:2      | Identified the +8 falchion "Duogefoph" {flame, rElec Will++
                  | Str-4 Int+3}
  1440 | D:2      | Reached skill level 1 in Air Magic
  1485 | D:2      | Noticed Natasha
  1492 | D:2      | Killed Natasha
  1493 | D:2      | Reached skill level 1 in Conjurations
  1493 | D:2      | Reached XP level 4. HP: 20/28 MP: 6/8
  1821 | D:2      | Noticed Natasha
  1825 | D:2      | Killed Natasha
  1911 | D:2      | Noticed Terence
  1915 | D:2      | Killed Terence
  1916 | D:2      | Reached XP level 5. HP: 25/33 MP: 9/9
  1988 | D:2      | Noticed Natasha
  1999 | D:2      | Killed Natasha
  2145 | D:3      | Learned a level 4 spell: Olgreb's Toxic Radiance
  2441 | D:3      | Found an ornate altar of the Wu Jian Council.
  2740 | D:3      | Found a runed translucent door.
  2745 | D:3      | Noticed klichko's ghost (amateur GnWn)
  2763 | D:3      | Reached skill level 5 in Poison Magic
  2771 | D:3      | HP: 2/49 [poisoned by klichko's ghost]
  2771 | D:3      | Mangled by klichko's ghost

Illustrated notes

Levels and vault maps discovered:
D:1:      lemuel_arrival_lava_pool, layout_basic, serial_shops, shop
D:2:      layout_basic, minmay_gold_behind_fungi, kennysheep_decorative_pillar,
          feat_on_display, uniq_natasha, uniq_terence
D:3:      kennysheep_the_goblin_king, layout_basic, lemuel_tele_altar,
          ebering_ghost_sewer_d

Skill      XL: |  1  2  3  4  5 |
---------------+----------------+-----
Fighting       | 1 |  1.0
Poison Magic   | 4 5 |  5.0
Air Magic      | 1 2 |  2.2
Conjurations   | 1 2 |  2.0
Spellcasting   | 3 |  3.1
Dodging        | |  2.0
Stealth        | |  2.6
Transmutations | |  1.0

Action                     |  1- 3 |  4- 6 || total
---------------------------+-------+-------++-------
  Melee: Unarmed           |    23 |       ||    23
         Constrict         |    18 |     7 ||    25
         Tentacles         |    15 |    10 ||    25
         Dagger            |    30 |       ||    30
         Short sword       |     3 |       ||     3
         Falchion          |     8 |    52 ||    60
   Cast: Sting             |    19 |       ||    19
         Poisonous Vapours |     3 |       ||     3
    Use: Scroll            |     1 |     5 ||     6
         Potion            |       |     6 ||     6
   Stab: Sleeping          |     6 |     5 ||    11
         Distracted        |       |     1 ||     1
 Armour: Skin              |     8 |     6 ||    14
  Dodge: Dodged            |    44 |    24 ||    68
